AoeStats
← f.bdz

MegaRandom

509895910Analyzed
2v2 RM · 3d ago on Sep 28, 2026· 68m 38s· 4 players
Game mode
Random Map
Map size
Medium (4 player)
Population
200
Speed
Normal
Resources
Standard
Victory
Conquest
Starting age
Dark Age
Ending age
Imperial Age
RankedLock teamsTeams togetherTeam positionsShared explorationLock speedFull tech treeHidden civsTurbo modeCheats
Victory
Defeat
🇧🇷 Japanese · Brazil
1113
+16
🇩🇪 Lithuanians · Germany
1096
+16
🇮🇩 Magyars · Indonesia
1105
-16
🇮🇩 Portuguese · Indonesia
1102
-16
fede
10:28 Feudal Age
11:36 Gold Mining
11:34 Double-Bit Axe
11:24 Man-at-Arms
13:29 Forging
17:24 Loom
24:46 Castle Age
24:31 Horse Collar
28:49 Scale Barding Armor
29:06 Bow Saw
29:57 Iron Casting
31:44 Wheelbarrow
32:41 Pikeman
34:54 Stone Mining
37:43 Hand Cart
38:19 Stone Shaft Mining
41:43 Imperial Age
41:35 Heavy Plow
41:49 Halberdier
42:53 Scale Mail Armor
43:25 Chain Barding Armor
42:57 Fletching
43:45 Crop Rotation
44:15 Conscription
43:58 Tower Shields
43:48 Cavalier
44:39 Bloodlines
44:33 Husbandry
45:57 Plate Barding Armor
46:48 Chemistry
45:59 Masonry
45:47 Murder Holes
46:59 Bodkin Arrow
47:20 Chain Mail Armor
49:56 Two-Man Saw
50:25 Bracer
49:53 Paladin
f.bdz
7:42 Loom
10:26 Feudal Age
11:02 Double-Bit Axe
12:54 Fishing Lines
16:43 Wheelbarrow
17:47 Gold Mining
22:02 Castle Age
20:15 Forging
20:05 Scale Mail Armor
20:02 Fletching
22:24 Padded Archer Armor
23:08 Town Watch
23:00 Crossbowman
23:45 Thumb Ring
24:59 Bodkin Arrow
25:20 Leather Archer Armor
27:26 Ballistics
28:24 Chain Mail Armor
29:32 Town Patrol
30:07 Bow Saw
29:57 Gambesons
29:58 Arson
31:52 Iron Casting
31:45 Gillnets
38:54 Imperial Age
39:04 Stone Mining
39:56 Onager
42:26 Chemistry
43:13 Siege Engineers
45:09 Blast Furnace
44:40 Plate Mail Armor
45:07 Elite Samurai
47:49 Plate Mail Armor
54:56 Cavalier
55:38 Husbandry
55:46 Scale Barding Armor
55:21 Arbalester
57:03 Chain Barding Armor
57:31 Hoardings
62:45 Masonry
62:17 Treadmill Crane
KEENION
9:42 Loom
12:23 Feudal Age
13:19 Double-Bit Axe
24:22 Gold Mining
29:21 Castle Age
30:52 Husbandry
31:02 Bloodlines
31:54 Stone Mining
35:08 Horse Collar
35:16 Fishing Lines
40:43 Bow Saw
42:09 Gillnets
45:47 Imperial Age
43:05 Town Watch
43:49 Corvinian Army
48:04 Conscription
50:33 Thumb Ring
51:53 Ballistics
52:34 Chemistry
51:01 Elite Magyar Huszar
Queen of Hearts
4:29 Loom
12:59 Feudal Age
13:42 Double-Bit Axe
14:16 Fishing Lines
20:12 Castle Age
21:54 Bow Saw
22:06 Medium Warships
28:29 Gold Mining
28:29 Stone Mining
29:42 Wheelbarrow
30:31 Gillnets
30:32 Treadmill Crane
31:13 Ballistics
30:49 Murder Holes
32:18 Stone Shaft Mining
36:39 Imperial Age
36:44 Elite Organ Gun
37:35 Arquebus
38:52 Siege Engineers
41:38 Chemistry
43:11 Fletching
43:49 Padded Archer Armor
46:59 Hand Cart
49:39 Bodkin Arrow
Connection lost

Rejoining the realm…

Still unreachable

The connection could not be restored.

Session expired

The server has moved on; the page needs a fresh start.